 Dungeon Crawl Stone Soup version 0.31-a0-889-g1a8549509d (webtiles) character file.

Game seed: 6480493383803065865

831 gelatine the Ruffian (level 7, -3/62 (66) HPs)
             Began as a Troll Gladiator on Oct 17, 2023.
             Slain by a wight
             ... wielding a +0 battleaxe
              (5 damage)
             ... on level 6 of the Dungeon.
             The game lasted 00:11:53 (3195 turns).

gelatine the Ruffian (Troll Gladiator)              Turns: 3195, Time: 00:11:53

HP:   -3/62 (66)    AC:  5    Str: 25    XL:     7   Next: 65%
MP:   7/7           EV: 10    Int:  4    God:
Gold: 178           SH:  0    Dex: 11    Spells: 8/8 levels left

rFire   . .          .
                       - Unarmed
rCold   + . .        (no shield)
rNeg    . . .        s - +1 robe {rC+}
rPois   .            b - +0 hat
rElec   .            r - scarf {harm}
rCorr   .            (gloves unavailable)
SInv    .            (boots unavailable)
Will    .....        (no amulet)
Stlth   +            w - ring of wizardry
HPRegen 1.10/turn    (no ring)
MPRegen 0.10/turn

%: harm (+30% outgoing, +20% incoming), wizardry (x1)
@: drained
A: large, unfitting armour, claws 3, regeneration 1, shaggy fur 1, tough skin 1
a: no special abilities


You were on level 6 of the Dungeon.
You visited 1 branch of the dungeon, and saw 6 of its levels.

You collected 238 gold pieces.
You spent 60 gold pieces at shops.

Inventory:

Hand Weapons
 v - a +0 whip of flaming
Missiles
 c - 4 throwing nets
 d - a large rock
 f - 6 boomerangs (quivered)
 o - 5 javelins
Armour
 b - a +0 hat (worn)
 r - a scarf of harm (worn)
 s - a +1 robe of cold resistance (worn)
Jewellery
 w - a ring of wizardry (left claw)
Talismans
 j - a flux talisman
Wands
 m - a wand of charming (7)
Scrolls
 a - a scroll of fog {unknown}
 g - 2 scrolls of teleportation
 h - a scroll of enchant armour {unknown}
 i - 2 scrolls of enchant weapon {unknown}
 l - a scroll of torment {unknown}
 n - a scroll of immolation {unknown}
 u - a scroll of poison {unknown}
 y - a scroll of vulnerability {unknown}
Potions
 e - a potion of haste
 k - 2 potions of brilliance
 p - a potion of heal wounds
 q - 2 potions of curing
 t - a potion of resistance
 x - a potion of ambrosia
 z - 2 potions of enlightenment


   Skills:
 * Level 2.5 Fighting
 * Level 4.5 Throwing
 * Level 3.7 Dodging
 + Level 0.6 Stealth
 * Level 5.4 Unarmed Combat
 + Level 1.0 Spellcasting
 + Level 1.0 Evocations
 + Level 1.3 Shapeshifting


You had 8 spell levels left.
You didn't know any spells.
Your spell library contained the following spells:

 Spells                   Type           Power      Damage    Failure   Level
 Ensorcelled Hibernation  Hex/Ice        0%         N/A       30%         2
 Jinxbite                 Hex            0%         N/A       30%         2
 Passwall                 Tmut/Erth      0%         N/A       30%         2
 Swiftness                Air            0%         N/A       50%         3
 Anguish                  Hex/Necr       0%         N/A       87%         4


Dungeon Overview and Level Annotations

Branches:
Dungeon (6/15)
 Temple: D:4-7

Altars:
Ashenzari
Gozag
Hepliaklqana
Okawaru

Shops:
D:3 !

Portals:
Abyss: D:5

Annotations:
D:5 2 transporters, Gadrel's ghost, novice KoFE


Innate Abilities, Weirdness & Mutations

You are too large for most types of armour.
You have claws for hands.
Your natural rate of healing is unusually fast.
You are covered in fur. (AC +1)
You have tough skin. (AC +1)


Message History

You throw a boomerang. The boomerang barely misses the wight.
A wight comes into view. It is wielding a +3 dire flail.
You throw a boomerang. The boomerang barely misses the wight.
You claw the wight!
You destroy the wight!
A wight comes into view. It is wielding a +0 battleaxe.
A wight comes into view. It is wielding a +3 long sword.
Things that are here:
a +4 hand axe; a +0 robe; 11 gold pieces
There is an open door here.
A hound comes into view.
Found a stone staircase leading down.
You see here 4 boomerangs.
The hound bites you but does no damage. The hound bites you.
You barely miss the hound. The hound closely misses you.
You scratch the hound.
The hound is lightly wounded.
The hound bites you. x2
You claw the hound!
You kill the hound!
The wight hits you with a +3 dire flail!
You scratch the wight but do no damage.
The wight hits you with a +3 dire flail!
You feel drained.
You barely miss the wight.
The wight hits you with a +3 dire flail!
You closely miss the wight. You claw the wight!
The wight is heavily damaged.
The wight hits you with a +3 dire flail!!
* * * LOW HITPOINT WARNING * * *
You feel drained.
* * * LOW HITPOINT WARNING * * *
The wight barely misses you.
Okay, then.
You feel much better.
The wight hits you with a +3 dire flail!
* * * LOW HITPOINT WARNING * * *
The wight hits you with a +0 battleaxe.
You die...

...... ...# ......
...#.... ......
#..##..###........
###..##..#.....#####
#..>.+...#.....#....
#.... ...#.....+....
#..# #..#.....#..##
##+##.@###..##....#..##
#......zz.....+....#....
####..........#....'....
##########'#....#...#
.....z.)......#...#
..............#...#
.z.z..........+...+
..............#####
###############


You could see 2 wights.

Vanquished Creatures
  Grinder (D:5)
  A bullfrog (D:6)
  A scorpion (D:5)
  A wight (D:6)
  A howler monkey (D:5)
  2 hounds
  2 orc priests
  A jelly (D:6)
  A sleepcap (D:5)
  3 orc wizards
  5 adders
  2 worms
  4 dart slugs
  17 orcs
  7 endoplasms
  2 giant cockroaches
  4 goblins
  8 hobgoblins
  7 jackals
  3 quokkas
  7 ball pythons
  17 bats
  6 frilled lizards
  9 kobolds
  14 rats
126 creatures vanquished.

Notes
Turn   | Place    | Note
-------+----------+-------------------------------------------
     0 | D:1      | gelatine the Troll Gladiator began the quest for the Orb.
     0 | D:1      | Reached XP level 1. HP: 19/19 MP: 0/0
   103 | D:1      | Reached XP level 2. HP: 27/27 MP: 1/1
   492 | D:1      | Reached XP level 3. HP: 35/35 MP: 2/2
   959 | D:2      | Reached XP level 4. HP: 42/42 MP: 3/3
  1244 | D:3      | Reached skill level 4 in Unarmed Combat
  1315 | D:3      | Found Emutwa's Distillery.
  1325 | D:3      | Bought a potion of heal wounds for 60 gold pieces
  1762 | D:4      | Identified the +0 ring mail of Silly Knowledge {Dex+3}
  1831 | D:4      | Reached XP level 5. HP: 49/49 MP: 4/4
  2306 | D:4      | Reached XP level 6. HP: 43/57 MP: 5/5
  2351 | D:5      | Entered Level 5 of the Dungeon
  2369 | D:5      | Reached skill level 1 in Shapeshifting
  2441 | D:5      | Found an opulent altar of Gozag.
  2562 | D:5      | Found a transporter.
  2567 | D:5      | Found a transporter.
  2581 | D:5      | Found a one-way gate to the infinite horrors of the Abyss.
  2581 | D:5      | Noticed Gadrel's ghost (novice KoFE)
  2614 | D:5      | Noticed Grinder
  2615 | D:5      | Paralysed by Grinder for 4 turns
  2625 | D:5      | Killed Grinder
  2626 | D:5      | Reached skill level 5 in Unarmed Combat
  2626 | D:5      | Reached skill level 1 in Spellcasting
  2626 | D:5      | Reached skill level 1 in Evocations
  2626 | D:5      | Reached XP level 7. HP: 65/65 MP: 7/7
  2650 | D:5      | Found a hazy altar of Hepliaklqana.
  2652 | D:5      | Found a broken altar of Ashenzari.
  2708 | D:5      | Found an iron altar of Okawaru.
  3194 | D:6      | HP: 3/64 [wight/+3 dire flail (19)]
  3194 | D:6      | HP: 1/62 [wight/+3 dire flail (2)]
  3195 | D:6      | Slain by a wight

Illustrated notes

Levels and vault maps discovered:
D:1:      amcnicky_arrival_double_pillar, layout_loops_ring
D:2:      layout_basic
D:3:      layout_rooms, serial_shops, shop
D:4:      cheibrodos_pilgrimage, layout_loops_cross, roderic_batcave,
          nicolae_figureground_sparkle
D:5:      layout_gridville, mainiacjoe_overflow_alcove_4,
          chequers_temple_overflow_statue_of_worship,
          gammafunk_ghost_abyssal_escape, uniq_grinder
D:6:      layout_gridville, zin_scriptorium, grunt_decor_mini_mirrors,
          uniq_sigmund

Skill      XL: |  1  2  3  4  5  6  7 |
---------------+----------------------+-----
Throwing       | 2 3 4 |  4.5
Unarmed Combat | 4 5 |  5.4
Dodging        | 3 |  3.7
Fighting       | 2 |  2.5
Shapeshifting  | 1 |  1.3
Spellcasting   | 1 |  1.0
Evocations     | 1 |  1.0
Stealth        | |  0.6

Action                     |  1- 3 |  4- 6 |  7- 9 || total
---------------------------+-------+-------+-------++-------
  Melee: Unarmed           |    99 |   119 |    27 ||   245
         Punch             |     2 |     1 |       ||     3
  Throw: Boomerang         |    35 |    57 |    16 ||   108
    Use: Scroll            |     2 |     2 |     2 ||     6
         Potion            |       |       |     1 ||     1
   Stab: Sleeping          |     1 |     1 |       ||     2
 Armour: Robe              |    80 |   102 |    29 ||   211
  Dodge: Dodged            |    36 |    84 |    12 ||   132

Table legend: (Time is in decaauts)
 A = Elapsed time spent in this place.
 B = Non-inter-level travel time spent in this place.
 C = Inter-level travel time spent in this place.
 D = Time resting spent in this place.
 E = Time spent auto-exploring this place.
 F = Levels seen in this place.
 G = Mean time per level.
                   A        B        C        D        E       F      G
               +--------+--------+--------+--------+--------+-----+--------+
         Total |   3193 |   3028 |    165 |      0 |   2166 |   6 |  532.2 |
       Dungeon |   3193 |   3028 |    165 |      0 |   2166 |   6 |  532.2 |
               +--------+--------+--------+--------+--------+-----+--------+

Top non-repeatable levels by time:
     D:5: 752 daAuts
     D:4: 744 daAuts
     D:1: 678 daAuts
     D:2: 491 daAuts
     D:3: 434 daAuts
     D:6: 92 daAuts
